| TOP OF THE 1ST |
|
Lakewood BlueClaws batting - Pitching for Hagerstown Suns : RHP Bastien Perrini
|
|
Pitching: RHP Bastien Perrini
|
|
|
Batting: LHB Matt Urbanek
|
0-0: Ground out 6-3 (Groundball, 56, EV 86.9 MPH)
|
|
Batting: RHB Vaclav Been
|
0-0: Ground out 4-3 (Groundball, 34, EV 108.1 MPH)
|
|
Batting: RHB Mike Bell
|
0-0: Called Strike 0-1: Ball 1-1: Ball 2-1: Ball 3-1: Base on Balls
|
|
Batting: RHB Victor Arias
|
0-0: Ball 1-0: Ball 2-0: Swinging Strike 2-1: Called Strike 2-2: Ground out 5-3 (Groundball, 56S, EV 68.1 MPH)
|
| Top of the 1st over - 0 runs, 0 hits, 0 errors, 1 left on base; Lakewood 0 - Hagerstown 0 |
| BOTTOM OF THE 1ST |
|
Hagerstown Suns batting - Pitching for Lakewood BlueClaws : RHP Jamie Gordam
|
|
Pitching: RHP Jamie Gordam
|
|
|
Batting: RHB John Savard
|
0-0: Called Strike 0-1: Ground out U3 (Groundball, 34, EV 78.8 MPH)
|
|
Batting: RHB Victor Cintron
|
0-0: Called Strike 0-1: Foul Ball, location: 2F 0-2: Ball 1-2: Ball 2-2: Foul Ball, location: 2F 2-2: Foul Ball, location: 2F 2-2: Foul Ball, location: 2F 2-2: Foul Ball, location: 2F 2-2: Foul Ball, location: 2F 2-2: Ball 3-2: Strikes out swinging
|
|
Batting: RHB Nick Moreno
|
0-0: Called Strike 0-1: Ground out 6-3 (Groundball, 6, EV 91.9 MPH)
|
| Bottom of the 1st over - 0 runs, 0 hits, 0 errors, 0 left on base; Lakewood 0 - Hagerstown 0 |
| TOP OF THE 2ND |
|
Lakewood BlueClaws batting - Pitching for Hagerstown Suns : RHP Bastien Perrini
|
|
Batting: LHB Eric Farren
|
0-0: Ball 1-0: Ball 2-0: Called Strike 2-1: Swinging Strike 2-2: Foul Ball, location: 2F 2-2: Foul Ball, location: 2F 2-2: Ball 3-2: Base on Balls
|
|
Batting: RHB Trent Hedrick
|
0-0: Ball Wild Pitch! Eric Farren to second 1-0: Called Strike 1-1: Foul Ball, location: 2F 1-2: Strikes out swinging
|
|
Batting: SHB Steve DeRienzo
|
0-0: Ball 1-0: Ball 2-0: Called Strike 2-1: Foul Ball, location: 2F 2-2: Foul Ball, location: 2F 2-2: Ball 3-2: Strikes out swinging
|
|
Batting: RHB Johnny Burroughs
|
0-0: Called Strike 0-1: Ball 1-1: Ball 2-1: Called Strike 2-2: Foul Ball, location: 2F 2-2: Ball 3-2: DOUBLE (Groundball, 5L, EV 101.2 MPH) Eric Farren scores
|
|
Batting: RHB Cory Bonham
|
0-0: Ball 1-0: DOUBLE (Line Drive, 5D, EV 99.4 MPH) Johnny Burroughs scores
|
|
Batting: LHB Matt Urbanek
|
0-0: Ball 1-0: Called Strike 1-1: Ball 2-1: Ground out 5-3 (Groundball, 5S, EV 86.9 MPH)
|
| Top of the 2nd over - 2 runs, 2 hits, 0 errors, 1 left on base; Lakewood 2 - Hagerstown 0 |
| BOTTOM OF THE 2ND |
|
Hagerstown Suns batting - Pitching for Lakewood BlueClaws : RHP Jamie Gordam
|
|
Batting: RHB Deshawn Boseman
|
0-0: Ball 1-0: Ground out 6-3 (Groundball, 6, EV 87.5 MPH)
|
|
Batting: RHB Naofumi Ishida
|
0-0: Ball 1-0: Ball 2-0: Ball 3-0: Called Strike 3-1: Swinging Strike 3-2: SOLO HOME RUN (Flyball, 7D, EV 96.2 MPH), Distance : 365 ft
|
|
Batting: LHB Chance McWilliams
|
0-0: Ball 1-0: Ball 2-0: Ball 3-0: Base on Balls
|
|
Batting: RHB Jim Towle
|
0-0: Ball Wild Pitch! Chance McWilliams to second 1-0: Ball 2-0: Ball 3-0: Base on Balls
|
|
Pitching: RHP Jeff van Schaik
|
|
|
Batting: RHB Jelexiz Cuenca
|
0-0: Fielders Choice at 2nd, 1-6 (Groundball, 13S, EV 68.1 MPH) Chance McWilliams to third
|
|
Batting: RHB Scott Skoglund
|
0-0: Fielders Choice at 2nd, 5-4 (Groundball, 5, EV 108.8 MPH)
|
| Bottom of the 2nd over - 1 run, 1 hit, 0 errors, 2 left on base; Lakewood 2 - Hagerstown 1 |
| TOP OF THE 3RD |
|
Lakewood BlueClaws batting - Pitching for Hagerstown Suns : RHP Bastien Perrini
|
|
Batting: RHB Vaclav Been
|
0-0: Foul Ball, location: 2F 0-1: Swinging Strike 0-2: Ball 1-2: DOUBLE (Flyball, 8LXD, EV 91.9 MPH)
|
|
Batting: RHB Mike Bell
|
0-0: Called Strike 0-1: Fly out, F7 (Flyball, 78D, EV 104.4 MPH)
|
|
Batting: RHB Victor Arias
|
0-0: Ball 1-0: Swinging Strike 1-1: Swinging Strike 1-2: Foul Ball, location: 2F 1-2: Ball 2-2: Ball 3-2: Foul Ball, location: 2F 3-2: Base on Balls
|
|
Batting: LHB Eric Farren
|
0-0: Ball 1-0: Fly out, F9 (Line Drive, 9D, EV 105.6 MPH)
|
|
Batting: RHB Trent Hedrick
|
0-0: Ball 1-0: Fielders Choice at 2nd, 5-4 (Groundball, 56, EV 81.9 MPH)
|
| Top of the 3rd over - 0 runs, 1 hit, 0 errors, 2 left on base; Lakewood 2 - Hagerstown 1 |
| BOTTOM OF THE 3RD |
|
Hagerstown Suns batting - Pitching for Lakewood BlueClaws : RHP Jeff van Schaik
|
|
Batting: RHB John Savard
|
0-0: Called Strike 0-1: Ball 1-1: SINGLE (Flyball, 6MD, EV 87.5 MPH)
|
|
Batting: RHB Victor Cintron
|
0-0: Called Strike 0-1: Ball 1-1: Ball 2-1: Foul Ball, location: 2F 2-2: Strikes out swinging
|
|
Batting: RHB Nick Moreno
|
0-0: Ball John Savard steals 2nd base 1-0: Hit by Pitch
|
|
Batting: RHB Deshawn Boseman
|
0-0: Foul Ball, location: 2F 0-1: Ball 1-1: Swinging Strike 1-2: Ball 2-2: Ball 3-2: Grounds into double play, 6-4-3 (Groundball, 6, EV 99.4 MPH)
|
| Bottom of the 3rd over - 0 runs, 1 hit, 0 errors, 1 left on base; Lakewood 2 - Hagerstown 1 |
| TOP OF THE 4TH |
|
Lakewood BlueClaws batting - Pitching for Hagerstown Suns : RHP Bastien Perrini
|
|
Batting: SHB Steve DeRienzo
|
0-0: Ball 1-0: Fly out, F7 (Flyball, 7, EV 92.5 MPH)
|
|
Batting: RHB Johnny Burroughs
|
0-0: Fly out, F9 (Flyball, 9, EV 82.5 MPH)
|
|
Batting: RHB Cory Bonham
|
0-0: Ball 1-0: Called Strike 1-1: Ground out 4-3 (Groundball, 4, EV 83.1 MPH)
|
| Top of the 4th over - 0 runs, 0 hits, 0 errors, 0 left on base; Lakewood 2 - Hagerstown 1 |
| BOTTOM OF THE 4TH |
|
Hagerstown Suns batting - Pitching for Lakewood BlueClaws : RHP Jeff van Schaik
|
|
Batting: RHB Naofumi Ishida
|
0-0: Swinging Strike 0-1: Ball 1-1: Called Strike 1-2: Strikes out swinging
|
|
Batting: LHB Chance McWilliams
|
0-0: Foul Ball, location: 2F 0-1: Swinging Strike 0-2: Foul Ball, location: 2F 0-2: Ball 1-2: Ball 2-2: Foul Ball, location: 2F 2-2: Foul Ball, location: 2F 2-2: Strikes out swinging
|
|
Batting: RHB Jim Towle
|
0-0: Called Strike 0-1: Fly out, F9 (Flyball, 9, EV 85.0 MPH)
|
| Bottom of the 4th over - 0 runs, 0 hits, 0 errors, 0 left on base; Lakewood 2 - Hagerstown 1 |
| TOP OF THE 5TH |
|
Lakewood BlueClaws batting - Pitching for Hagerstown Suns : RHP Bastien Perrini
|
|
Batting: LHB Matt Urbanek
|
0-0: Foul Ball, location: 2F 0-1: Ball 1-1: Reached via error on a dropped throw from SS, E3 (Groundball, 6, EV 81.9 MPH)
|
|
Batting: RHB Vaclav Been
|
0-0: Swinging Strike 0-1: Foul Ball, location: 2F 0-2: Ball 1-2: SINGLE (Flyball, 8LS, EV 93.8 MPH) Matt Urbanek to second Runner from 2nd tries for 3rd, SAFE, throw by CF made to third
|
|
Batting: RHB Mike Bell
|
0-0: Ball 1-0: Called Strike 1-1: Foul Ball, location: 2F 1-2: Foul Ball, location: 2F 1-2: SINGLE (Groundball, 5L, EV 102.5 MPH) Matt Urbanek scores Vaclav Been to second
|
|
Batting: RHB Victor Arias
|
0-0: Ball 1-0: Ball 2-0: Ground out 5-3 (Groundball, 56S, EV 65.6 MPH) Vaclav Been to third Mike Bell to second
|
|
Batting: LHB Eric Farren
|
0-0: Swinging Strike 0-1: Ball 1-1: Called Strike 1-2: Strikes out swinging
|
|
Batting: RHB Trent Hedrick
|
0-0: Called Strike 0-1: Ball 1-1: Ball 2-1: Foul Ball, location: 2F 2-2: Foul Ball, location: 2F 2-2: Strikes out swinging
|
| Top of the 5th over - 1 run, 2 hits, 1 error, 2 left on base; Lakewood 3 - Hagerstown 1 |
| BOTTOM OF THE 5TH |
|
Hagerstown Suns batting - Pitching for Lakewood BlueClaws : RHP Jeff van Schaik
|
|
Batting: RHB Jelexiz Cuenca
|
0-0: Ball 1-0: Ball 2-0: Foul Ball, location: 2F 2-1: Ground out U3 (Groundball, 3L, EV 87.5 MPH)
|
|
Batting: RHB Scott Skoglund
|
0-0: Called Strike 0-1: Swinging Strike 0-2: Ball 1-2: Foul Ball, location: 2F 1-2: Strikes out swinging
|
|
Batting: RHB John Savard
|
0-0: Ball 1-0: Ball 2-0: Ball 3-0: Base on Balls
|
|
Batting: RHB Victor Cintron
|
0-0: Called Strike 0-1: SINGLE (Groundball, 56S, EV 70.6 MPH) (infield hit) John Savard to second
|
|
Batting: RHB Nick Moreno
|
0-0: Called Strike 0-1: Ball 1-1: Called Strike 1-2: Ball 2-2: Foul Ball, location: 2F 2-2: Ball 3-2: Base on Balls John Savard to third Victor Cintron to second
|
|
Batting: RHB Deshawn Boseman
|
0-0: Ball 1-0: SINGLE (Groundball, 34D, EV 99.4 MPH) John Savard scores Victor Cintron to third Nick Moreno to second Runner from 3rd tries for Home, throw by RF and OUT! 9-2
|
| Bottom of the 5th over - 1 run, 2 hits, 0 errors, 2 left on base; Lakewood 3 - Hagerstown 2 |
| TOP OF THE 6TH |
|
Lakewood BlueClaws batting - Pitching for Hagerstown Suns : RHP Bastien Perrini
|
|
Pitching: RHP Danny Hoekenga
|
|
|
Batting: SHB Steve DeRienzo
|
0-0: Called Strike 0-1: Ball 1-1: Ball 2-1: Called Strike 2-2: Foul Ball, location: 2F 2-2: Foul Ball, location: 2F 2-2: Ball 3-2: Strikes out looking
|
|
Batting: RHB Johnny Burroughs
|
0-0: Ball 1-0: Swinging Strike 1-1: Called Strike 1-2: Ball 2-2: Foul Ball, location: 2F 2-2: Ground out 6-3 (Groundball, 6, EV 86.9 MPH)
|
|
Batting: RHB Cory Bonham
|
0-0: Called Strike 0-1: Ball 1-1: Foul Ball, location: 2F 1-2: Foul Ball, location: 2F 1-2: Strikes out swinging
|
| Top of the 6th over - 0 runs, 0 hits, 0 errors, 0 left on base; Lakewood 3 - Hagerstown 2 |
| BOTTOM OF THE 6TH |
|
Hagerstown Suns batting - Pitching for Lakewood BlueClaws : RHP Jeff van Schaik
|
|
Pitching: RHP Ramon Mena
|
|
|
Batting: RHB Naofumi Ishida
|
0-0: Ball 1-0: Foul Ball, location: 2F 1-1: Ball 2-1: Ball 3-1: Ground out 3-1 (Groundball, 34, EV 90.6 MPH)
|
|
Batting: LHB Chance McWilliams
|
0-0: Swinging Strike 0-1: Ball 1-1: Foul Ball, location: 2F 1-2: DOUBLE (Line Drive, 78D, EV 101.2 MPH)
|
|
Batting: RHB Jim Towle
|
0-0: Ball 1-0: Ball 2-0: Ball 3-0: Base on Balls
|
|
Batting: RHB Jelexiz Cuenca
|
0-0: Called Strike 0-1: Ball 1-1: Swinging Strike 1-2: Ball 2-2: Ball 3-2: Base on Balls Chance McWilliams to third Jim Towle to second
|
|
Pinch Hitting: LHB Bobby Adams
|
0-0: Foul Ball, location: 2F 0-1: Ball 1-1: Ball 2-1: Foul Ball, location: 2F 2-2: Foul Ball, location: 2F 2-2: Strikes out swinging
|
|
Batting: RHB John Savard
|
0-0: Swinging Strike 0-1: Ball 1-1: Fielders Choice at 2nd, U6 (Groundball, 6M, EV 84.4 MPH)
|
| Bottom of the 6th over - 0 runs, 1 hit, 0 errors, 3 left on base; Lakewood 3 - Hagerstown 2 |
| TOP OF THE 7TH |
|
Lakewood BlueClaws batting - Pitching for Hagerstown Suns : RHP Danny Hoekenga
|
|
Pitching: RHP Jordan Amaker
|
|
|
Now at 1B: Bobby Adams
|
|
|
Now in LF: Deshawn Boseman
|
|
|
Now in CF: John Savard
|
|
|
Batting: LHB Matt Urbanek
|
0-0: Ball 1-0: Ball 2-0: Foul Ball, location: 2F 2-1: SINGLE (Line Drive, 4MD, EV 99.4 MPH)
|
|
Batting: RHB Vaclav Been
|
0-0: Fly out, F8 (Flyball, 8LD, EV 86.9 MPH) Runner from 1st tags up, SAFE at 2nd
|
|
Batting: RHB Mike Bell
|
0-0: Intentional Walk
|
|
Batting: RHB Victor Arias
|
0-0: Ball 1-0: SINGLE (Groundball, 4MD, EV 110.6 MPH) Matt Urbanek to third Mike Bell to second Runner from 3rd tries for Home, throw by CF and OUT! 8-2
|
|
Batting: LHB Eric Farren
|
0-0: Ground out 5-3 (Groundball, 5L, EV 81.2 MPH)
|
| Top of the 7th over - 0 runs, 2 hits, 0 errors, 2 left on base; Lakewood 3 - Hagerstown 2 |
| BOTTOM OF THE 7TH |
|
Hagerstown Suns batting - Pitching for Lakewood BlueClaws : RHP Ramon Mena
|
|
Pitching: RHP Ian Savary
|
|
|
Batting: RHB Victor Cintron
|
0-0: Ball 1-0: Ball 2-0: Called Strike 2-1: Foul Ball, location: 2F 2-2: Ground out 4-3 (Groundball, 4, EV 90.0 MPH)
|
|
Batting: RHB Nick Moreno
|
0-0: SINGLE (Line Drive, 4M, EV 102.5 MPH)
|
|
Batting: RHB Deshawn Boseman
|
|
|
Pinch Hitting: LHB John Holst
|
0-0: Ground out 4-3 (Groundball, 34D, EV 104.4 MPH) Nick Moreno to second
|
|
Batting: RHB Naofumi Ishida
|
0-0: Ball 1-0: Called Strike 1-1: Called Strike 1-2: Ball 2-2: Ball 3-2: Strikes out swinging
|
| Bottom of the 7th over - 0 runs, 1 hit, 0 errors, 1 left on base; Lakewood 3 - Hagerstown 2 |
| TOP OF THE 8TH |
|
Lakewood BlueClaws batting - Pitching for Hagerstown Suns : RHP Jordan Amaker
|
|
Now in LF: John Holst
|
|
|
Batting: RHB Trent Hedrick
|
0-0: Foul Ball, location: 2F 0-1: Fly out, F4 (Popup, 34, EV 60.6 MPH)
|
|
Batting: SHB Steve DeRienzo
|
0-0: Called Strike 0-1: Called Strike 0-2: Ball 1-2: Strikes out swinging
|
|
Batting: RHB Johnny Burroughs
|
0-0: Ball 1-0: Foul Ball, location: 2F 1-1: DOUBLE (Line Drive, 7LD, EV 96.2 MPH)
|
|
Batting: RHB Cory Bonham
|
0-0: Ball 1-0: Called Strike 1-1: Swinging Strike 1-2: Ball 2-2: Ball 3-2: Strikes out swinging
|
| Top of the 8th over - 0 runs, 1 hit, 0 errors, 1 left on base; Lakewood 3 - Hagerstown 2 |
| BOTTOM OF THE 8TH |
|
Hagerstown Suns batting - Pitching for Lakewood BlueClaws : RHP Ian Savary
|
|
Batting: LHB Chance McWilliams
|
0-0: Ground out 4-3 (Groundball, 4MS, EV 68.8 MPH)
|
|
Batting: RHB Jim Towle
|
0-0: Foul Ball, location: 2F 0-1: Ball 1-1: Called Strike 1-2: Ball 2-2: Ball 3-2: Foul Ball, location: 2F 3-2: Foul Ball, location: 2F 3-2: Foul Ball, location: 2F 3-2: Strikes out looking
|
|
Batting: RHB Jelexiz Cuenca
|
0-0: Ball 1-0: Ball 2-0: Ball 3-0: Base on Balls
|
|
Batting: LHB Bobby Adams
|
0-0: Ball 1-0: Called Strike 1-1: Ball 2-1: Foul Ball, location: 2F 2-2: Foul Ball, location: 2F 2-2: Foul Ball, location: 2F 2-2: Reached on error, E6 (Groundball, 6, EV 86.9 MPH) Jelexiz Cuenca to second
|
|
Batting: RHB John Savard
|
0-0: Swinging Strike 0-1: DOUBLE (Flyball, 8RD, EV 106.2 MPH) Jelexiz Cuenca scores Bobby Adams to third Runner from 3rd tries for Home, SAFE, no throw by CF
|
|
Batting: RHB Victor Cintron
|
0-0: Ball 1-0: Swinging Strike 1-1: Foul Ball, location: 2F 1-2: Strikes out swinging, 2-3 out at first.
|
| Bottom of the 8th over - 2 runs, 1 hit, 1 error, 1 left on base; Lakewood 3 - Hagerstown 4 |
| TOP OF THE 9TH |
|
Lakewood BlueClaws batting - Pitching for Hagerstown Suns : RHP Jordan Amaker
|
|
Pitching: RHP Chris Doty
|
|
|
Batting: LHB Matt Urbanek
|
0-0: Foul Ball, location: 2F 0-1: Foul Ball, location: 2F 0-2: Ball 1-2: Foul Ball, location: 2F 1-2: Ball 2-2: Strikes out swinging
|
|
Batting: RHB Vaclav Been
|
0-0: Called Strike 0-1: Foul Ball, location: 2F 0-2: Foul Ball, location: 2F 0-2: Ball 1-2: Strikes out swinging
|
|
Batting: RHB Mike Bell
|
0-0: Ball 1-0: Called Strike 1-1: SINGLE (Groundball, 56S, EV 80.0 MPH) (infield hit)
|
|
Batting: RHB Victor Arias
|
0-0: Ball 1-0: SINGLE (Line Drive, 7LS, EV 108.1 MPH) Mike Bell to second
|
|
Batting: LHB Eric Farren
|
0-0: Fly out, F6 (Line Drive, 6M, EV 69.4 MPH)
|
| Top of the 9th over - 0 runs, 2 hits, 0 errors, 2 left on base; Lakewood 3 - Hagerstown 4 |
|